 Dungeon Crawl Stone Soup version 0.28.0-45-g0d030f2227 (webtiles) character file.

Game seed: 4116791555510151161

123 H0rd4k the Magician (level 4, -1/24 HPs)
             Began as a Deep Elf Hedge Wizard on Apr 7, 2022.
             Killed by divine providence
             ... invoked by an orc priest
              (13 damage)
             ... on level 3 of the Dungeon.
             The game lasted 00:02:37 (1998 turns).

H0rd4k the Magician (Deep Elf Hedge Wizard)         Turns: 1998, Time: 00:02:37

Health: -1/24      AC:  2    Str:  7    XL:     4   Next: 79%
Magic:  9/14       EV: 12    Int: 21    God:
Gold:   30         SH:  0    Dex: 14    Spells: 6/15 levels left

rFire   . . .      SeeInvis .   a - +0 dagger
rCold   . . .      Faith    .   (no shield)
rNeg    . . .      Spirit   .   b - +0 robe
rPois   .          Reflect  .   c - +0 hat
rElec   .          Harm     .   (no cloak)
rCorr   .          Rampage  .   (no gloves)
Will    .....                   (no boots)
Stlth   +.........              f - amulet of magic regeneration
HPRegen 0.08/turn               (no ring)
MPRegen 0.54/turn               (no ring)

@: confused, very slightly contaminated
A: no striking features
a: no special abilities


You were on level 3 of the Dungeon.
You visited 1 branch of the dungeon, and saw 3 of its levels.

You collected 30 gold pieces.

Inventory:

Hand Weapons
 a - a +0 dagger (weapon)
Armour
 b - a +0 robe (worn)
 c - a +0 hat (worn)
Jewellery
 f - an amulet of magic regeneration (around neck)
Scrolls
 d - 3 scrolls of identify {unknown}
 e - a scroll of amnesia {unknown}


   Skills:
 + Level 2.6 Dodging
 - Level 2.4 Stealth
 + Level 6.3 Spellcasting
 + Level 3.2 Conjurations
 + Level 1.1 Summonings
 + Level 1.4 Translocations


You had 6 spell levels left.
You knew the following spells:

 Your Spells              Type           Power      Damage    Failure   Level
a - Magic Dart            Conj           80%        1d7       2%          1
b - Blink                 Tloc           24%        N/A       8%          2
c - Conjure Flame         Conj/Fire      13%        6-21      14%         3
d - Mephitic Cloud        Conj/Pois/Air  11%        N/A       19%         3

Your spell library contained the following spells:

 Spells                   Type           Power      Damage    Failure   Level
 Call Imp                 Summ           11%        N/A       9%          2
 Slow                     Hex            24%        N/A       10%         1


Dungeon Overview and Level Annotations

Branches:
Dungeon (3/15)

Altars:

Annotations:
D:1 exclusion: 2 downstairs
D:2 Sigmund
D:3 exclusion: upstairs


Message History

You can't see any susceptible monsters within range! (Use Z to cast anyway.)
You can't see any susceptible monsters within range! (Use Z to cast anyway.)
An orc priest comes into view. It is wielding a +0 club.
An orc priest is nearby!
An orc priest is nearby!
The magic dart hits the orc priest.
The orc priest is moderately wounded.
The magic dart hits the orc priest.
The orc priest is heavily wounded.
An orc wizard comes into view. It is wielding a +0 dagger.
The magic dart hits the orc priest but does no damage.
The orc priest is heavily wounded.
The magic dart hits the orc priest.
The orc priest is heavily wounded.
The magic dart hits the orc priest but does no damage.
The orc priest is heavily wounded.
You miscast Magic Dart.
You are very lightly contaminated with residual magic.
Nothing appears to happen.
The orc priest looks braver for a moment.
A hobgoblin comes into view.
A ball python comes into view.
The magic dart hits the orc priest but does no damage.
The orc priest is heavily wounded.
The ball python hisses angrily.
The hobgoblin shouts!
The magic dart hits the orc priest.
The orc priest is severely wounded.
The orc priest looks encouraged for a moment.
The magic dart hits the orc priest but does no damage.
The orc priest is severely wounded.
The orc priest mumbles some strange prayers to Beogh against you.
Beogh smites you!
Ouch! That really hurt!
You are too injured to fight recklessly!
The orc wizard hits you but does no damage.
The orc wizard casts a spell at you.
You are confused.
The orc priest mumbles some strange prayers to Beogh against you.
Beogh smites you!
Ouch! That really hurt!
You die...

#.####..####.#
#.####..####.#
#####.##......##.#
....)..#.#..#.##.#
)...#..#.#.......#
.##.#............#
.##......#.##.##.#
.#####.###.##.##.#
.....>.###>##...@###
###.)....#.#.....o.# #
#......#.#.....o.# #
#......#(........S..S... #
#...)..).#........g)....
###...)..#.#..............
.##......#.#.......######.
.##......#.#.......#
.#########........#.


You could see an orc priest, an orc wizard, a hobgoblin and a ball python.

Vanquished Creatures
  2 orc priests (D:3)
  An adder (D:2)
  3 dart slugs
  5 orcs (D:3)
  3 endoplasms (D:1)
  5 goblins
  7 hobgoblins
  4 kobolds
  A quokka (D:1)
  3 ball pythons
  5 bats (D:1)
  2 frilled lizards
  3 rats
44 creatures vanquished.

Notes
Turn   | Place    | Note
-------+----------+-------------------------------------------
     0 | D:1      | H0rd4k the Deep Elf Hedge Wizard began the quest for the
                  | Orb.
     0 | D:1      | Reached XP level 1. HP: 10/10 MP: 7/7
   220 | D:1      | Reached skill level 5 in Spellcasting
   220 | D:1      | Reached XP level 2. HP: 15/15 MP: 5/10
   876 | D:1      | Found a faded altar of an unknown god.
  1024 | D:2      | Reached XP level 3. HP: 19/19 MP: 10/12
  1027 | D:2      | Learned a level 2 spell: Blink
  1031 | D:2      | Learned a level 3 spell: Conjure Flame
  1035 | D:2      | Learned a level 3 spell: Mephitic Cloud
  1667 | D:2      | Noticed Sigmund
  1726 | D:3      | Reached XP level 4. HP: 18/24 MP: 6/13
  1816 | D:3      | Reached skill level 6 in Spellcasting
  1998 | D:3      | Killed from afar by an orc priest

Illustrated notes

Levels and vault maps discovered:
D:1:      lightli_arrival_lavapool, layout_basic, basic_ecumenical_altar,
          st_stairs_5
D:2:      layout_rooms, chequers_serial_rivers_small_3, st_stairs_4,
          uniq_crazy_yiuf_cottage, uniq_terence, uniq_sigmund
D:3:      layout_loops_cross, ebering_ghost_rock_garden, uniq_ijyb, uniq_robin

Skill      XL: |  1  2  3  4 |
---------------+-------------+-----
Spellcasting   | 5 6 |  6.3
Conjurations   | 2 3 |  3.2
Dodging        | |  2.6
Stealth        | |  2.4
Summonings     | |  1.1
Translocations | |  1.4

Action                   |  1- 3 |  4- 6 || total
-------------------------+-------+-------++-------
 Cast: Magic Dart        |   101 |    28 ||   129
Armor: Robe              |     1 |     1 ||     2
Dodge: Dodged            |    10 |     1 ||    11
